 Dungeon Crawl Stone Soup version 0.19.5 (webtiles) character file.

714 JeffiDaFish the Shield-Bearer (level 7, -1/44 HPs)
             Began as a Gargoyle Fighter on Sept 8, 2017.
             Was a Follower of Okawaru.
             Slain by a Brimstone Fiend (5 damage)
             ... summoned by a lich
             ... on level 2 of the Abyss.
             The game lasted 00:13:16 (4285 turns).

JeffiDaFish the Shield-Bearer (Gargoyle Fighter)    Turns: 4285, Time: 00:13:18

Health: -1/44      AC: 18    Str: 22    XL:     7   Next: 69%
Magic:  7/7        EV:  8    Int:  9    God:    Okawaru [*.....]
Gold:   230        SH:  0    Dex: 11    Spells: 0 memorised, 6 levels left

rFire  . . .     SeeInvis .     a - +0 flail
rCold  . . .     Gourm    .     k - +3 ring mail "Caif" {Str+3}
rNeg   + . .     Faith    .     c - +0 shield
rPois  ∞         Spirit   .     g - +0 helmet (curse)
rElec  +         Reflect  .     d - +0 cloak
rCorr  .         Harm     .     p - +2 pair of gloves
MR     .....                    (no boots)
Stlth  ..........               (no amulet)
                                (no ring)
                                (no ring)

@: confused, heavily drained
A: negative energy resistance 1, electricity resistance, unbreathing,
petrification resistance, rot immunity, AC +4
a: Heroism, Renounce Religion


You were on level 2 of the Abyss.
You worshipped Okawaru.
Okawaru was aware of your devotion.
You were not hungry.

You visited 1 branch of the dungeon, and saw 5 of its levels.
You visited the Abyss 1 time.

You collected 230 gold pieces.

Inventory:

Hand Weapons
 a - a +0 flail (weapon)
Armour
 c - a +0 shield (worn)
 d - a +0 cloak (worn)
 g - a cursed +0 helmet (worn)
 k - the +3 ring mail "Caif" (worn) {Str+3}
   (You took it off a gnoll on level 4 of the Dungeon)

   It affects your strength (+3).
 p - a +2 pair of gloves (worn)
Wands
 i - a wand of lightning (7/15)
Scrolls
 e - 2 scrolls of recharging
 l - 2 scrolls of remove curse
 m - 3 scrolls of teleportation
 n - 2 scrolls of amnesia
Comestibles
 b - a chunk of flesh
 f - a bread ration
 h - 2 slices of pizza
 j - a meat ration


   Skills:
 + Level 4.8(3.0) Fighting
 + Level 5.2(3.5) Maces & Flails
 + Level 4.7(3.0) Armour
 + Level 1.9(0.3) Dodging
 + Level 0.2(0.0) Stealth
 + Level 5.3(3.5) Shields


You had 6 spell levels left.
You didn't know any spells.

Dungeon Overview and Level Annotations

Branches:
Dungeon (5/15)
 Temple: D:4-7

Altars:
Kikubaaqudgha
Okawaru
Sif Muna
Trog

Shops:
D:5 (


Innate Abilities, Weirdness & Mutations

You are resistant to torment.
Your stone body is resilient. (AC +4)
You are immune to poison.
You resist negative energy. (rN+)
You are resistant to electric shocks. (rElec)
You can survive without breathing.
You are immune to petrification.
You are immune to rotting.


Message History

The lich casts a spell.
You closely miss the lich.
The lich is lightly damaged.
The lich completely misses you. You block the Brimstone Fiend's attack.
The Brimstone Fiend hits you!
The Brimstone Fiend hits you but does no damage.
You thump the lich!
The lich is lightly damaged.
The lich touches you.
The Brimstone Fiend calls on the powers of darkness!
Your body is wracked with pain!
* * * LOW HITPOINT WARNING * * *
Your shield and ring mail "Caif" prevent you from hitting the lich.
The lich is lightly damaged.
The lich gestures at you while chanting.
You are confused.
The Brimstone Fiend hits you!
* * * LOW HITPOINT WARNING * * *
The Brimstone Fiend hits you.
You die...

.# #. .. . #. ...
. #.# #.### #..
.#...##..# .
.....#...# .
#.....# # .##.
##..#.## .. .
#.1@L#.# #.##..
.#
#......##.....≈#
. # ...
.####.##...#....
#≈ .. #.
#..#.#..##≈≈ . #
♣≈≈≈≈≈≈#≈#.≈≈....
#≈≈≈≈#≈≈ .##.. .#
≈≈.≈≈≈≈≈≈...#.#.
# #≈# #≈≈#
≈..#..... . ≈ #.
♣##.#...##. .


You could see a Brimstone Fiend and a lich.

Vanquished Creatures
  A water moccasin (D:5)
  An ogre (D:3)
  2 scorpions (D:4)
  A howler monkey (D:4)
  A gnoll shaman (D:4)
  A hound (D:4)
  Crazy Yiuf (D:5)
  An orc priest (D:4)
  An orc wizard (D:4)
  Natasha (D:4)
  An iguana (D:4)
  A worker ant (D:4)
  A hound skeleton (D:3)
  4 gnolls
  4 adders
  2 worms
  2 dart slugs
  2 leopard geckos
  5 orcs
  2 bat zombies (D:3)
  5 giant cockroaches
  10 goblins
  5 hobgoblins
  2 jackals (D:1)
  2 quokkas
  6 bats
  2 frilled lizards
  7 kobolds
  A leopard gecko skeleton (D:5)
  8 rats
83 creatures vanquished.

Notes
Turn   | Place    | Note
-------+----------+-------------------------------------------
     0 | D:1      | JeffiDaFish the Gargoyle Fighter began the quest for the Orb.
     0 | D:1      | Reached XP level 1. HP: 14/14 MP: 1/1
   239 | D:1      | Reached XP level 2. HP: 19/19 MP: 2/2
   561 | D:1      | Reached XP level 3. HP: 23/23 MP: 3/3
  1661 | D:2      | Reached XP level 4. HP: 28/28 MP: 4/4
  1988 | D:3      | Found a bloodstained altar of Trog.
  1989 | D:3      | Found a deep blue altar of Sif Muna.
  2193 | D:3      | Found an ancient bone altar of Kikubaaqudgha.
  2421 | D:3      | Found a faded altar of an unknown god.
  2421 | D:3      | Found a faded altar of an unknown god.
  2428 | D:3      | Reached XP level 5. HP: 32/32 MP: 5/5
  2489 | D:3      | Found a faded altar of an unknown god.
  2491 | D:3      | Found an iron altar of Okawaru.
  2493 | D:3      | Found a faded altar of an unknown god.
  2497 | D:3      | Became a worshipper of Warmaster Okawaru
  2541 | D:4      | Noticed Natasha
  2552 | D:4      | Killed Natasha
  2552 | D:4      | Reached skill level 1 in Dodging
  2725 | D:4      | Noticed an ogre
  2734 | D:4      | Reached XP level 6. HP: 16/38 MP: 6/6
  3075 | D:4      | Identified the +3 ring mail "Caif" {Str+3} (You took it off a gnoll on level 4 of the Dungeon)
  3392 | D:4      | Reached * piety under Okawaru
  3609 | D:4      | Reached XP level 7. HP: 38/44 MP: 7/7
  3784 | D:3      | Reached skill level 5 in Shields
  4047 | D:5      | Entered Level 5 of the Dungeon
  4058 | D:5      | Reached skill level 5 in Maces & Flails
  4077 | D:5      | Found Adghyug's Antique Weapon Emporium.
  4194 | D:5      | Found a runed door.
  4198 | D:5      | Noticed Crazy Yiuf
  4204 | D:5      | Killed Crazy Yiuf
  4216 | D:5      | Got a slimy mace
  4217 | D:5      | Identified the +4 mace of Conflict {drain, *Drain rF+ rN++ Str-4} (You found it on level 5 of the Dungeon)
  4234 | D:5      | Cast into level 2 of the Abyss (a distortion unwield)
  4268 | Abyss:2  | Noticed a lich
  4283 | Abyss:2  | Noticed a Brimstone Fiend
  4285 | Abyss:2  | Slain by a Brimstone Fiend

Skill      XL: |  1  2  3  4  5  6  7 |
---------------+----------------------+-----
Shields        | 4 5 |  5.3
Maces & Flails | 3 4 5 |  5.2
Armour         | 4 |  4.7
Dodging        | 1 |  1.9
Fighting       | 4 |  4.8
Stealth        | |  0.2

Action                   |  1- 3 |  4- 6 |  7- 9 || total
-------------------------+-------+-------+-------++-------
Melee: Flail             |   160 |   219 |    51 ||   430
  Use: Scroll            |     5 |     1 |     2 ||     8
       Potion            |     1 |     3 |     2 ||     6
  Eat: Chunk             |     3 |     7 |     2 ||    12
Armor: Scale mail        |    97 |    96 |       ||   193
       Ring mail         |       |    20 |    11 ||    31
Dodge: Dodged            |    72 |    85 |    16 ||   173
Block: Shield            |    85 |   121 |    23 ||   229
